 Dungeon Crawl Stone Soup version 0.30-a0-1066-g63dfefce0d (webtiles) character file.

Game seed: 4683124518843055053

2 retardedninja the Trooper (level 1, -3/21 HPs)
             Began as a Naga Fighter on Apr 12, 2023.
             Slain by a quokka (4 damage)
             ... on level 1 of the Dungeon.
             The game lasted 00:00:05 (8 turns).

retardedninja the Trooper (Naga Fighter)               Turns: 8, Time: 00:00:05

Health: -3/21      AC:  3    Str: 18    XL:     1   Next: 40%
Magic:  1/1        EV:  7    Int:  8    God:
Gold:   0          SH:  4    Dex: 10    Spells: 0/0 levels left

rFire   . . .      SeeInvis +    a - +0 war axe
rCold   . . .      Faith    .    c - +0 buckler
rNeg    . . .      Spirit   .    b - +0 scale mail
rPois   +          Reflect  .    (no helmet)
rElec   .          Rampage  .    (no cloak)
rCorr   .                        (no gloves)
Will    .....                    (no barding) Stlth
                                 (no amulet)
HPRegen 0.23/turn                (no ring)
MPRegen 0.07/turn                (no ring)

@: very slow
A: AC +0, large, see invisible, deformed body, poison resistance, slowness 2,
spit poison 1, naga tail 1
a: Spit Poison


You were on level 1 of the Dungeon.
You visited 1 branch of the dungeon, and saw 1 of its levels.

Inventory:

Hand Weapons
 a - a +0 war axe (weapon)
Armour
 b - a +0 scale mail (worn)
 c - a +0 buckler (worn)
Potions
 d - a potion of might


   Skills:
 + Level 3.0 Fighting
 + Level 2.0 Axes
 + Level 2.4 Armour
 + Level 2.7 Shields


You couldn't memorise any spells.
You didn't know any spells.
Your spell library was empty.

Dungeon Overview and Level Annotations

Branches:
Dungeon (1/15)

Altars:


Innate Abilities, Weirdness & Mutations

Your serpentine skin is tough. (AC +0)
You have supernaturally acute eyesight. (SInv)
Armour fits poorly on your strangely shaped body.
Your system is resistant to poisons. (rPois)
You cover ground very slowly.
You can spit poison.
You have a snake-like lower body.


Message History

The jackal bites you but does no damage.
The jackal completely misses you.
You hit the jackal.
You kill the jackal!
You closely miss the jackal. x3; The jackal bites you.
The jackal bites you but does no damage.
The jackal bites you.
The jackal bites you but does no damage.
The jackal barely misses you. The jackal closely misses you.
You are too injured to fight recklessly!
A bat comes into view.
The jackal barely misses you. The quokka bites you. The jackal bites you. x2
The jackal bites you but does no damage.
The kobold hits you with a +0 whip. The quokka bites you.
* * * LOW HITPOINT WARNING * * *
The jackal bites you but does no damage.
The jackal barely misses you.
You see here a jackal corpse.
Unknown command.
You hit the quokka.
The quokka is severely wounded.
You slash the jackal!
You kill the jackal!
You closely miss the jackal. You barely miss the jackal. You hit the kobold.
The bat hits you but does no damage. The jackal bites you.
* * * LOW HITPOINT WARNING * * *
The quokka bites you but does no damage.
The kobold hits you with a +0 whip.
* * * LOW HITPOINT WARNING * * *
The jackal bites you but does no damage.
You barely miss the quokka.
The quokka is severely wounded.
You hit the jackal. You slash the jackal!
You kill the jackal!
You hit the kobold.
You kill the kobold!
You barely miss the bat. The bat hits you but does no damage. The bat hits you.
* * * LOW HITPOINT WARNING * * *
The jackal closely misses you. The quokka bites you.
You die...

############.
##...........
............
..#........ ..
#.........# .....
#.......# .....
#.#...)...## #.....
......r@...###......
..#...bh..!.........
#..###.........#
.... ##.......## ...
#...<...# ..
#.......# .
#.........#
......(........
......###......


You could see a quokka, a jackal and a bat.

Vanquished Creatures
  3 jackals (D:1)
  A kobold (D:1)
4 creatures vanquished.

Notes
Turn   | Place    | Note
-------+----------+-------------------------------------------
     0 | D:1      | retardedninja the Naga Fighter began the quest for the Orb.
     0 | D:1      | Reached XP level 1. HP: 21/21 MP: 1/1
     8 | D:1      | HP: 1/21 [bat (1)]
     8 | D:1      | Slain by a quokka

Illustrated notes

Levels and vault maps discovered:
D:1:      minmay_arrival_four_circles, layout_basic

Action                     || total
---------------------------++-------
  Melee: War axe           ||     4
 Armour: Scale mail        ||    10
  Dodge: Dodged            ||     8

Table legend: (Time is in decaauts)
 A = Elapsed time spent in this place.
 B = Non-inter-level travel time spent in this place.
 C = Inter-level travel time spent in this place.
 D = Time resting spent in this place.
 E = Time spent auto-exploring this place.
 F = Levels seen in this place.
 G = Mean time per level.
                   A        B        C        D        E       F      G
               +--------+--------+--------+--------+--------+-----+--------+
         Total |     11 |     11 |      0 |      0 |      1 |   1 |   11.0 |
       Dungeon |     11 |     11 |      0 |      0 |      1 |   1 |   11.0 |
               +--------+--------+--------+--------+--------+-----+--------+

Top non-repeatable levels by time:
     D:1: 11 daAuts
